 Dungeon Crawl Stone Soup version 0.22.1-5-g62c59d9 (webtiles) character file.

1538 Yuikono the Skirmisher (level 8, -20/78 HPs)
             Began as a Naga Fighter on Jan 15, 2019.
             Was a Believer of Ru.
             Killed from afar by a hound (30 damage)
             ... with an exploding inner flame
             ... hexed by the player character
             ... on level 5 of the Dungeon.
             The game lasted 00:20:01 (5937 turns).

Yuikono the Skirmisher (Naga Fighter)               Turns: 5937, Time: 00:20:05

Health: -20/78     AC:  7    Str: 27    XL:     8   Next: 86%
Magic:  8/8        EV:  6    Int:  8    God:    Ru [**....]
Gold:   284        SH: 10    Dex: 10    Spells: 7/7 levels left

rFire    . . .     SeeInvis +   a - +0 trident
rCold    . . .     Gourm    .   c - +0 shield
rNeg     . . .     Faith    .   b - +0 scale mail
rPois    +         Spirit   .   t - +1 hat
rElec    .         Reflect  .   (no cloak)
rCorr    .         Harm     .   (no gloves)
MR       +....                  (no barding)
Stlth    ..........             (no amulet)
HPRegen  0.23/turn              (no ring)
MPRegen  0.11/turn              (no ring)

@: mighty, very slow
A: large, see invisible, deformed body, poison resistance, slowness 2, slow
metabolism 1, spit poison 1, inability to use devices, AC +2
a: Spit Poison, Renounce Religion


You were on level 5 of the Dungeon.
You worshipped Ru.
Ru was pleased with you.
You were hungry.

You visited 2 branches of the dungeon, and saw 6 of its levels.

You collected 284 gold pieces.

Inventory:

Hand Weapons
 a - a +0 trident (weapon)
 A - a +0 hunting sling
 D - a +0 blowgun
Missiles
 j - 66 arrows
 n - 149 stones (quivered)
 p - 47 sling bullets
 w - 38 bolts
 x - 29 poisoned needles
Armour
 b - a +0 scale mail (worn)
 c - a +0 shield (worn)
 t - a +1 hat (worn)
Jewellery
 i - an uncursed ring of resist corrosion {unknown}
 q - an uncursed amulet of harm
 r - a +5 ring of protection {unknown}
Scrolls
 e - a scroll of blinking {unknown}
 g - 2 scrolls of enchant armour
 h - 2 scrolls of remove curse {unknown}
 k - 4 scrolls of teleportation
 u - a scroll of fear {unknown}
 y - a scroll of immolation
 E - a scroll of amnesia
 F - a scroll of enchant weapon {unknown}
Potions
 l - a potion of curing
 m - 2 potions of heal wounds {unknown}
 o - 2 potions of invisibility {unknown}
 v - a potion of ambrosia {unknown}
 z - a potion of degeneration {unknown}
 B - a potion of agility {unknown}
Comestibles
 f - 8 rations


   Skills:
 + Level 6.9 Fighting
 + Level 6.5 Polearms
 - Level 2.4 Armour
 + Level 5.7 Shields


You had 7 spell levels left.
You didn't know any spells.
Your spell library was empty.

Dungeon Overview and Level Annotations

Branches:
Dungeon (5/15)             Temple (1/1) D:4

Altars:
Ashenzari
Cheibriados
Dithmenos
Elyvilon
Fedhas
Gozag
Hepliaklqana
Kikubaaqudgha
Makhleb
Nemelex Xobeh
Okawaru
Qazlal
Ru
Sif Muna
Trog
Uskayaw
Vehumet
Wu Jian
Xom
Yredelemnul
Zin
The Shining One


Innate Abilities, Weirdness & Mutations

You cannot wear boots.
Your serpentine skin is tough. (AC +2)
You have supernaturally acute eyesight. (SInv)
Armour fits poorly on your strangely shaped body.
Your system is resistant to poisons. (rPois)
You cover ground very slowly.
You have a slow metabolism.
You can spit poison.
You cannot study or use magical devices.


Message History

You block the hound's attack.
The ogre hits you with a giant spiked club!!
* * * LOW HITPOINT WARNING * * *
You barely miss the ogre.
The ogre is almost dead.
You block the hound's attack.
The ogre hits you with a giant spiked club.
* * * LOW HITPOINT WARNING * * *
You block the hound's attack.
You hit the ogre.
The ogre is almost dead.
The hound bites you but does no damage.
You puncture the ogre!
The ogre explodes!
The fiery explosion engulfs the hound.
The hound explodes!
The fiery explosion engulfs the adder zombie.
The adder zombie explodes!
The fiery explosion engulfs you!
You die...

..( .# #......# .. .
####'#.# #.####.
####.#'### ###.....
+......... .......
####...... ..§§#
#.).... # #§§#
######[### #
###§§#+#####......)..
#
#.§§@§......^........
#
#....................
########
#....................
........
#....................
########
####...#####.........
## #...# #.........
.# #...# #.........
.# ...... #.........
.# ....>. #.........


There were no monsters in sight!

Vanquished Creatures
  Pikel (D:5)
  Grinder (D:4)
  An ice beast (D:5)
  3 slaves
  A phantom (D:4)
  A water moccasin zombie (D:5)
  2 crimson imps
  3 hounds (D:4)
  3 orc priests (D:4)
  A gnoll shaman (D:4)
  2 iguanas (D:3)
  3 orc wizards
  2 worker ants
  A hound zombie (D:5)
  3 gnolls (D:4)
  5 adders
  An adder zombie (D:5)
  4 worms (D:2)
  An adder skeleton (D:4)
  4 leopard geckos
  13 orcs
  5 bats
  4 giant cockroaches
  7 hobgoblins
  6 jackals
  11 kobolds
  A quokka (D:3)
  A ball python (D:3)
  4 frilled lizards
  3 goblins
  5 rats
103 creatures vanquished.

Vanquished Creatures (others)
  A slave (D:5)
  An orc wizard (D:5)
  An orc (D:5)
  A ball python (D:5)
4 creatures vanquished.

Grand Total: 107 creatures vanquished

Notes
Turn   | Place    | Note
-------+----------+-------------------------------------------
     0 | D:1      | Yuikono the Naga Fighter began the quest for the Orb.
     0 | D:1      | Reached XP level 1. HP: 21/21 MP: 1/1
   267 | D:1      | Reached XP level 2. HP: 24/28 MP: 2/2
   555 | D:1      | Reached XP level 3. HP: 28/34 MP: 3/3
  1173 | D:2      | Reached XP level 4. HP: 38/44 MP: 4/4
  1420 | D:2      | Found a sacrificial altar of Ru.
  1428 | D:2      | Became a worshipper of Ru the Awakened
  1764 | D:2      | Found an opulent altar of Gozag.
  1764 | D:2      | Found a blossoming altar of Fedhas.
  2104 | D:3      | Found a shattered altar of Ashenzari.
  2304 | D:3      | Found a burning altar of Makhleb.
  2305 | D:3      | Found a shimmering altar of Xom.
  2344 | D:3      | Reached XP level 5. HP: 28/50 MP: 5/5
  2424 | D:3      | Gained mutation: You cannot study or use magical devices.
                  | [Ru sacrifice]
  2424 | D:3      | Reached * piety under Ru
  2424 | D:3      | Reached ** piety under Ru
  2621 | D:3      | Found a shadowy altar of Dithmenos.
  3098 | D:3      | Found a deep blue altar of Sif Muna.
  3162 | D:4      | Noticed Grinder
  3162 | D:4      | Paralysed by Grinder for 3 turns
  3174 | D:4      | Paralysed by Grinder for 6 turns
  3182 | D:4      | Killed Grinder
  3182 | D:4      | Reached XP level 6. HP: 43/60 MP: 6/6
  3244 | D:4      | Reached skill level 5 in Fighting
  3277 | D:4      | Reached XP level 7. HP: 51/67 MP: 7/7
  3874 | D:4      | Reached skill level 5 in Polearms
  4123 | D:4      | Found a staircase to the Ecumenical Temple.
  4602 | D:4      | Found a basalt altar of Yredelemnul.
  4925 | Temple   | Entered the Ecumenical Temple
  4997 | D:5      | Entered Level 5 of the Dungeon
  5016 | D:5      | Reached XP level 8. HP: 63/76 MP: 8/8
  5037 | D:5      | Noticed Pikel
  5340 | D:5      | Killed Pikel
  5340 | D:5      | Reached skill level 5 in Shields
  5937 | D:5      | Killed from afar by a hound

Skill      XL: |  1  2  3  4  5  6  7  8 |
---------------+-------------------------+-----
Shields        | 3 4 5 |  5.7
Polearms       | 3 4 5 6 |  6.5
Fighting       | 4 5 6 |  6.9
Armour         | |  2.4

Action                   |  1- 3 |  4- 6 |  7- 9 || total
-------------------------+-------+-------+-------++-------
Melee: Trident           |    96 |   178 |   257 ||   531
Throw: Stone             |       |     9 |    10 ||    19
Invok: Sacrifice Artific |       |     1 |       ||     1
 Abil: Spit Poison       |     3 |     5 |     7 ||    15
  Use: Potion            |       |     2 |     3 ||     5
       Scroll            |       |       |     5 ||     5
 Stab: Invisible         |       |       |     2 ||     2
  Eat: Chunk             |     1 |     6 |     3 ||    10
       Ration            |       |       |     1 ||     1
Armor: Scale mail        |    30 |    53 |   101 ||   184
Dodge: Dodged            |    21 |    25 |    50 ||    96
Block: Shield            |    44 |    72 |   128 ||   244
